AoeStats
← FIREFOXking_G

Arena

509330763Analyzed
4v4 RM · 7d ago on Sep 26, 2026· 46m 53s· 8 players
Game mode
Random Map
Map size
Large (8 player)
Population
200
Speed
Normal
Resources
Standard
Victory
Conquest
Starting age
Dark Age
Ending age
Imperial Age
RankedLock teamsTeams togetherTeam positionsShared explorationLock speedFull tech treeHidden civsTurbo modeCheats
Victory
Defeat
🇳🇱 Turks · Netherlands
1105
+14
🇲🇽 Khmer · Mexico
1074
+15
🇮🇪 Danes · Ireland
1049
+16
🇹🇷 Poles · Türkiye
1048
+16
🇹🇼 Mongols · Taiwan
1118
-18
🇮🇳 Saracens · India
1117
-17
🇺🇾 Varangians · Uruguay
1005
-13
🇮🇹 Danes · Italy
995
-13
REALITY
5:11 Loom
10:49 Feudal Age
15:20 Castle Age
13:38 Double-Bit Axe
13:37 Horse Collar
16:32 Bow Saw
16:41 Heavy Plow
19:58 Wheelbarrow
20:04 Wheelbarrow
20:44 Stone Mining
22:37 Gold Mining
26:07 Hand Cart
25:38 Town Watch
30:24 Imperial Age
28:42 Szlachta Privileges
28:45 Scale Barding Armor
28:51 Forging
29:38 Husbandry
29:48 Bloodlines
30:02 Chain Barding Armor
31:01 Town Patrol
30:48 Light Cavalry
31:51 Lechitic Legacy
31:52 Conscription
32:12 Iron Casting
32:50 Crop Rotation
31:48 Crossbowman
31:51 Winged Hussar
33:03 Thumb Ring
34:07 Blast Furnace
32:57 Fletching
33:07 Padded Archer Armor
32:37 Arbalester
35:46 Bodkin Arrow
36:40 Bracer
36:56 Leather Archer Armor
40:57 Ballistics
41:37 Chemistry
40:43 Siege Engineers
40:49 Fortified Wall
43:53 Stone Shaft Mining
Alpha Robeeert
12:18 Feudal Age
13:33 Double-Bit Axe
13:47 Horse Collar
14:16 Stone Mining
14:17 Gold Mining
19:36 Castle Age
18:34 Scale Mail Armor
19:23 Forging
20:31 Wheelbarrow
19:48 Arson
22:48 Chain Mail Armor
22:36 Squires
22:51 Bow Saw
24:17 Gold Shaft Mining
24:45 Heavy Plow
26:01 Hand Cart
30:14 Loom
30:17 Town Watch
30:50 Murder Holes
32:43 Masonry
37:35 Imperial Age
35:29 Ballistics
34:46 Hamask
39:01 Plate Mail Armor
37:59 Capped Ram
38:55 Town Patrol
40:12 Chemistry
39:51 Iron Casting
39:56 Hoardings
39:17 Elite Jomsviking
42:26 Elite Varangian Guard
44:51 Blast Furnace
45:18 Fletching
45:40 Siege Engineers
46:02 Caravan
FIREFOXking_G
7:18 Loom
11:36 Feudal Age
16:04 Castle Age
14:01 Double-Bit Axe
14:22 Horse Collar
17:20 Bow Saw
24:01 Padded Archer Armor
26:43 Wheelbarrow
28:30 Ballistics
28:16 Heavy Plow
29:29 Murder Holes
29:46 Gold Mining
31:14 Hand Cart
36:03 Imperial Age
34:00 Leather Archer Armor
37:50 Ring Archer Armor
38:54 Two-Man Saw
39:32 Town Watch
40:00 Heavy Scorpion
44:13 Bombard Tower
Sonaron Disparos
10:12 Feudal Age
13:17 Castle Age
11:42 Double-Bit Axe
12:40 Horse Collar
18:00 Bow Saw
22:27 Loom
23:01 Gold Mining
23:04 Stone Mining
29:21 Imperial Age
27:38 Forging
27:34 Scale Barding Armor
28:36 Ballistics
28:38 Chain Barding Armor
28:57 Iron Casting
29:10 Wheelbarrow
29:10 Heavy Plow
30:03 Gold Shaft Mining
31:06 Chemistry
30:21 Double Crossbow
30:49 Hand Cart
31:55 Blast Furnace
31:27 Bloodlines
31:48 Husbandry
32:20 Conscription
32:37 Fletching
34:55 Siege Engineers
35:50 Plate Barding Armor
35:31 Elite Ballista Elephant
36:07 Town Watch
36:25 Elite Battle Elephant
37:06 Tusk Swords
38:36 Town Patrol
45:53 Scale Mail Armor
VoicedChart8909
1:59 Loom
2:06 Loom
11:54 Feudal Age
15:16 Double-Bit Axe
17:37 Castle Age
15:20 Horse Collar
17:19 Gold Mining
17:27 Stone Mining
28:15 Wheelbarrow
31:50 Imperial Age
29:57 Hand Cart
30:41 Town Watch
31:23 Hamask
31:52 Arson
32:10 Squires
31:30 Pikeman
32:55 Conscription
32:38 Town Patrol
32:51 Forging
32:42 Scale Mail Armor
32:48 Scale Barding Armor
32:08 Onager
33:23 Bow Saw
33:15 Heavy Plow
33:20 Halberdier
33:37 Capped Ram
35:19 Siege Ram
39:46 Iron Casting
38:59 Heavy Scorpion
Danubio Futbol Club
10:08 Feudal Age
14:04 Castle Age
16:25 Loom
17:32 Forging
18:31 Padded Archer Armor
19:25 Crossbowman
20:18 Fletching
23:56 Bodkin Arrow
31:14 Horse Collar
31:21 Double-Bit Axe
35:34 Bloodlines
41:02 Imperial Age
39:10 Wheelbarrow
38:40 Husbandry
40:13 Ballistics
40:03 Light Cavalry
41:05 Town Watch
41:53 Forging
41:46 Bracer
41:59 Forging
44:02 Iron Casting
45:32 Hussar
ektum_inside
0:37 Loom
9:59 Feudal Age
10:53 Double-Bit Axe
18:26 Castle Age
16:20 Stone Mining
17:08 Gold Mining
17:40 Horse Collar
24:29 Wheelbarrow
25:10 Bow Saw
25:01 Heavy Plow
25:03 Fletching
27:10 Town Watch
30:37 Imperial Age
28:49 Scale Barding Armor
29:51 Gold Shaft Mining
30:17 Chain Barding Armor
30:40 Bloodlines
30:31 Husbandry
31:07 Forging
31:11 Elite Mameluke
34:14 Chemistry
34:32 Bodkin Arrow
34:18 Light Cavalry
35:18 Masonry
36:18 Hussar
37:42 Onager
39:44 Conscription
40:08 Fortified Wall
41:13 Counterweights
42:07 Iron Casting
43:20 Two-Man Saw
42:31 Siege Engineers
45:20 Blast Furnace
45:10 Hand Cart
45:32 Plate Barding Armor
45:07 Murder Holes
45:11 Onager
OAO
10:39 Feudal Age
10:34 Loom
12:27 Double-Bit Axe
12:28 Horse Collar
15:16 Castle Age
16:32 Bow Saw
16:23 Heavy Plow
25:13 Scale Barding Armor
25:26 Husbandry
26:12 Bloodlines
27:31 Chain Barding Armor
31:37 Imperial Age
29:31 Gold Mining
29:58 Nomads
30:33 Forging
30:15 Fletching
32:37 Wheelbarrow
31:48 Town Watch
31:42 Elite Mangudai
33:57 Gold Shaft Mining
33:51 Conscription
33:34 Light Cavalry
34:47 Padded Archer Armor
35:30 Caravan
35:30 Bodkin Arrow
36:18 Stone Mining
38:10 Parthian Tactics
37:55 Thumb Ring
37:52 Hussar
38:35 Bracer
39:12 Iron Casting
Connection lost

Rejoining the realm…

Still unreachable

The connection could not be restored.

Session expired

The server has moved on; the page needs a fresh start.